[Event "Early-Titled-Tuesday-Blitz-March-19-2024"]
[Site "Chess.com"]
[Date "2024.03.19"]
[Round "2"]
[White "Shield12"]
[Black "secretworker2027"]
[Result "1-0"]
[WhiteElo "2936"]
[BlackElo "2638"]
[TimeControl "180+1"]
[EndTime "8:14:47 PDT"]
[Termination "Shield12 won by resignation"]

1. b3 d5 2. Bb2 Bg4 3. h3 Bh5 4. d3 Nd7 5. Nd2 e5 6. Ngf3 Bd6 7. e3 Ne7 8. Be2 O-O 9. c4 c6 10. a3 Re8 11. O-O a5 12. Rc1 h6 13. Re1 Bg6 14.
Qc2 Qb6 15. Qb1 f6 16. Qa1 Nc5 17. Rc3 Red8 18. d4 exd4 19. exd4 Ne4 20. Nxe4 dxe4 21. c5 exf3 22. Bc4+ 1-0

[Event "Early-Titled-Tuesday-Blitz-March-19-2024"]
[Site "Chess.com"]
[Date "2024.03.19"]
[Round "2"]
[White "KhazhatulyAlikhan"]
[Black "maurovargas01"]
[Result "1-0"]
[WhiteElo "2450"]
[BlackElo "1829"]
[TimeControl "180+1"]
[EndTime "8:14:59 PDT"]
[Termination "KhazhatulyAlikhan won by resignation"]

1. e4 c6 2. d4 d5 3. exd5 cxd5 4. Nf3 Nc6 5. c3 Nf6 6. h3 Bg4 7. hxg4 Nxg4 8. Bd3 e6 9. Bf4 h6 10. Nbd2 f6 11. Bg6+ Ke7 12. Nh4 e5 13. Qxg4 exf4 14. Nf5+ Kd7 15. Nxg7+ Kc7 16. Ne6+ 1-0

[Event "Early-Titled-Tuesday-Blitz-March-19-2024"]
[Site "Chess.com"]
[Date "2024.03.19"]
[Round "2"]
[White "MKlose11"]
[Black "Arystanner"]
[Result "0-1"]
[WhiteElo "2592"]
[BlackElo "2840"]
[TimeControl "180+1"]
[EndTime "8:15:07 PDT"]
[Termination "Arystanner won by resignation"]

1. e4 c5 2. Nc3 e6 3. g3 Nc6 4. Bg2 a6 5. d3 d6 6. Nge2 Nf6 7. O-O Be7 8. h3 O-O 9. Bd2 Rb8 10. Be3 b5 11. d4 cxd4 12. Nxd4 Nxd4 13. Qxd4 b4 14.
Ne2 e5 15. Qd2 Bb7 16. f3 d5 17.
exd5 Nxd5 18. Ba7 Ra8 19. Bf2 Nf4 20. Qe3 Nxg2 21. Kxg2 Qd5 22. c3 Bg5 23. Qe4 Qxe4 24. fxe4 Bxe4+ 25. Kh2 Rfd8 26. cxb4 Rd2 27. Nc3 Bd3 28.
Rad1 Bxf1 29. Rxd2 Bxd2 0-1

[Event "Early-Titled-Tuesday-Blitz-March-19-2024"]
[Site "Chess.com"]
[Date "2024.03.19"]
[Round "2"]
[White "dianamirza"]
[Black "Happy1712Drummer"]
[Result "0-1"]
[WhiteElo "2000"]
[BlackElo "2455"]
[TimeControl "180+1"]
[EndTime "8:15:17 PDT"]
[Termination "Happy1712Drummer won by resignation"]

1. e4 c5 2. Nf3 e6 3. d4 cxd4 4. Nxd4 Nf6 5. Nc3 Nc6 6. Be3 Bb4 7. f3 d5 8. a3 Bxc3+ 9. bxc3 dxe4 10. Nxc6 Qxd1+ 11. Rxd1 bxc6 12. fxe4 Nxe4 13. Bd4 Nf6 14.
Bc5 e5 15. Bc4 a5 16. Bb6 Nd7 17. Bc7 Ba6 18. Bxf7+ Kxf7 19. Rd6 Nf6 20. Rxc6 Rhc8 21. Rf1 Bxf1 0-1

[Event "Early-Titled-Tuesday-Blitz-March-19-2024"]
[Site "Chess.com"]
[Date "2024.03.19"]
[Round "2"]
[White "Kotlyar_K"]
[Black "DonkyDonkyDonkey"]
[Result "0-1"]
[WhiteElo "2658"]
[BlackElo "2971"]
[TimeControl "180+1"]
[EndTime "8:15:26 PDT"]
[Termination "DonkyDonkyDonkey won by resignation"]

1. e4 c5 2. Nf3 d6 3. d4 cxd4 4. Nxd4 Nf6 5. Nc3 a6 6. h4 Nc6 7. Bg5 e6 8. g4 Be7 9. Be2 Qb6 10. Nb3 Qc7 11. Qd2 b5 12. a3 Bb7 13. f3 O-O-O 14.
O-O-O d5 15. Bxf6 dxe4 16. Qe3 gxf6 17. Nxe4 Ne5 18. Nec5 Kb8 19. Na1 Bxc5 0-1

[Event "Early-Titled-Tuesday-Blitz-March-19-2024"]
[Site "Chess.com"]
[Date "2024.03.19"]
[Round "2"]
[White "Szachulec75"]
[Black "BilodeauA"]
[Result "0-1"]
[WhiteElo "2212"]
[BlackElo "3041"]
[TimeControl "180+1"]
[EndTime "8:15:26 PDT"]
[Termination "BilodeauA won by resignation"]

1. Nf3 d5 2. g3 Nc6 3. Bg2 e5 4. d3 Nf6 5. O-O Bc5 6. c3 a5 7. Qc2 O-O 8. e4 dxe4 9. dxe4 a4 10. h3 h6 11. Re1 Be6 12. Be3 Qe7 13. Nbd2 Rfd8 14.
Bf1 Bxe3 15. Rxe3 Qc5 16. Kg2 b5 17. a3 Rd7 18. Rc1 Rad8 19. c4 b4 20. axb4 Nxb4 21.
Qxa4 Rxd2 22. Nxd2 Rxd2 23. Re2 Rd4 24. f3 g6 25. b3 Kg7 26. Rf2 Rd6 27. Qa1 Bxh3+ 28.
Kg1 Rd2 0-1

[Event "Early-Titled-Tuesday-Blitz-March-19-2024"]
[Site "Chess.com"]
[Date "2024.03.19"]
[Round "2"]
[White "AlexPapasimakopoulos"]
[Black "jefferyx"]
[Result "1-0"]
[WhiteElo "2736"]
[BlackElo "3092"]
[TimeControl "180+1"]
[EndTime "8:15:32 PDT"]
[Termination "AlexPapasimakopoulos won by resignation"]

1. d4 g6 2. e4 Bg7 3. c4 d6 4. Nc3 e5 5. Nge2 Nd7 6. Be3 Ne7 7. Qd2 O-O 8. Bh6 exd4 9. Bxg7 Kxg7 10. Nxd4 Nc6 11.
Be2 Nc5 12. Nxc6 bxc6 13. b4 Ne6 14. O-O a5 15. b5 Bb7 16. f4 Re8 17. f5 Qg5 18. Qb2 Nd4 19. bxc6 Qe3+ 20. Kh1 Bxc6 21. Rad1 Kg8 22. Rd3 Rxe4 23. Rxe3 Rxe3 24. fxg6 hxg6 25.
Bd1 Rae8 26. Nd5 Bxd5 27. Qxd4 Bc6 28. Bf3 Bxf3 29. gxf3 Re2 30. f4 Rxa2 31. f5 Ree2 32. Qf4 gxf5 33. Qg5+ Kh7 34. Qxf5+ 1-0

[Event "Early-Titled-Tuesday-Blitz-March-19-2024"]
[Site "Chess.com"]
[Date "2024.03.19"]
[Round "2"]
[White "MagnusCarlsen"]
[Black "grzechu96"]
[Result "1-0"]
[WhiteElo "3266"]
[BlackElo "2732"]
[TimeControl "180+1"]
[EndTime "8:15:35 PDT"]
[Termination "MagnusCarlsen won on time"]

1. g4 d5 2. e4 dxe4 3. Nc3 e5 4. h4 Nc6 5. Bg2 h5 6. gxh5 f5 7. d3 exd3 8. Bg5 Be7 9. cxd3 Bxg5 10.
Bxc6+ bxc6 11. hxg5 Qxg5 12. Nf3 Qe7 13. Qa4 Bd7 14.
O-O-O c5 15. Qc4 Bc6 16. Nxe5 Bxh1 17. Ng6 Qg5+ 18. f4 Qxh5 19. Qe6+ Kd8 20. d4 c4 21. Ne5 Nf6 22. d5 1-0

[Event "Early-Titled-Tuesday-Blitz-March-19-2024"]
[Site "Chess.com"]
[Date "2024.03.19"]
[Round "2"]
[White "JERO-8914"]
[Black "zurzan"]
[Result "1-0"]
[WhiteElo "2457"]
[BlackElo "2041"]
[TimeControl "180+1"]
[EndTime "8:15:46 PDT"]
[Termination "JERO-8914 won by resignation"]

1. d4 Nf6 2. Nf3 g6 3. Nbd2 Bg7 4. e4 d6 5. Bb5+ c6 6. Bd3 O-O 7. O-O b5 8. c3 Bg4 9. h3 Bxf3 10. Nxf3 Nbd7 11.
a4 a6 12. Bg5 h6 13. Bf4 g5 14.
Bh2 Rb8 15. axb5 axb5 16. Bc2 Nb6 17. e5 Nfd5 18. Qd3 f5 19. exf6 Nxf6 20. Rfe1 Nbd5 21.
Bb3 Kh8 22. Qg6 Qe8 23. Qd3 Nf4 24. Bxf4 gxf4 25. Ra7 e5 26. dxe5 dxe5 27. Rxe5 Qd8 28. Qg6 Rg8 29. Bxg8 Qxg8 30. Ree7 Ne8 31. Ne5 Qd5 32.
Rxg7 1-0

[Event "Early-Titled-Tuesday-Blitz-March-19-2024"]
[Site "Chess.com"]
[Date "2024.03.19"]
[Round "2"]
[White "kingofthenil"]
[Black "koncheto"]
[Result "0-1"]
[WhiteElo "2778"]
[BlackElo "2513"]
[TimeControl "180+1"]
[EndTime "8:15:50 PDT"]
[Termination "koncheto won by resignation"]

1. Nf3 Nf6 2. g3 b6 3. Bg2 Bb7 4. O-O c5 5. d3 d5 6. e3 e6 7. d4 Be7 8. Re1 O-O 9. b3 Nc6 10. Bb2 Rc8 11. a3 Ne4 12. Nbd2 Bf6 13. c4 Nxd2 14.
Qxd2 cxd4 15. Nxd4 dxc4 16. Rad1 Nxd4 17. Bxb7 Nf3+ 18.
Bxf3 Qxd2 19. Rxd2 c3 20. Rc2 cxb2 21. Rxc8 Rxc8 22. Kf1 Rc1 23. Be4 Bc3 0-1

[Event "Early-Titled-Tuesday-Blitz-March-19-2024"]
[Site "Chess.com"]
[Date "2024.03.19"]
[Round "2"]
[White "Er_is_geen_hoop_meer"]
[Black "Alenzer"]
[Result "1-0"]
[WhiteElo "2484"]
[BlackElo "2154"]
[TimeControl "180+1"]
[EndTime "8:15:51 PDT"]
[Termination "Er_is_geen_hoop_meer won on time"]

1. b4 d5 2. Bb2 Nf6 3. e3 Nbd7 4. f4 e6 5. a3 c5 6. bxc5 Nxc5 7. Ra2 Rg8 8. Nf3 Nfe4 9. Bb5+ Bd7 10. Bc6 Bxc6 11. O-O Bd6 12. d3 Nf6 13. Nc3 Ng4 14. Qe2 h5 15. h3 Nh6 16. g3 Nf5 17. Kh2 g5 18. e4 dxe4 19. Nxe4 gxf4 20. Nf6+ Kf8 21. Nh7+ Ke8 22.
Nf6+ Kf8 23. g4 hxg4 24. hxg4 Ng3 25. Nh7+ Ke8 26. Nf6+ Kf8 27. Nh7+ Ke8 28. Qg2 Nxf1+ 29. Qxf1 Kd7 30. Nf6+ Kc7 31. Nd4 1-0

[Event "Early-Titled-Tuesday-Blitz-March-19-2024"]
[Site "Chess.com"]
[Date "2024.03.19"]
[Round "2"]
[White "Cheer_Down"]
[Black "akanga001"]
[Result "1-0"]
[WhiteElo "2455"]
[BlackElo "2005"]
[TimeControl "180+1"]
[EndTime "8:15:51 PDT"]
[Termination "Cheer_Down won by resignation"]

1. e4 e6 2. d4 d5 3. Nc3 Nf6 4.
e5 Nfd7 5. f4 c5 6. Nf3 Nc6 7. Be3 a6 8. Qd2 b5 9. Be2 c4 10. Nd1 b4 11. c3 a5 12. O-O Ba6 13.
Bf2 a4 14. a3 bxa3 15. bxa3 Na5 16. Qe1 Nb3 17. Ra2 Nc1 18. Ra1 Nb3 19. Ra2 Nc1 20. Rc2 Nd3 21. Qd2 Rb8 22. Ne3 Bxa3 23. f5 O-O 24. Ra2 Rb3 25. Bh4 f6 26. fxe6 Nb6 27. exf6 gxf6 28. Nf5 Qe8 29. Rxa3 Rxa3 30. Qh6 Qg6 31. Ne7+ 1-0

[Event "Early-Titled-Tuesday-Blitz-March-19-2024"]
[Site "Chess.com"]
[Date "2024.03.19"]
[Round "2"]
[White "Shahdad2007"]
[Black "moro182"]
[Result "0-1"]
[WhiteElo "2584"]
[BlackElo "2832"]
[TimeControl "180+1"]
[EndTime "8:15:52 PDT"]
[Termination "moro182 won by resignation"]

1. e4 g6 2. d4 Bg7 3. Nc3 a6 4. a4 d6 5. Be3 Nf6 6. f3 O-O 7. Qd2 e5 8. dxe5 dxe5 9. O-O-O Qxd2+ 10.
Rxd2 Be6 11. Nd5 Nxd5 12. exd5 Bd7 13. a5 h5 14. Bc4 h4 15. Ne2 Bf5 16. Bg5 Nd7 17. Kb1 b5 18. Ba2 b4 19. Bxh4 Rab8 20.
Bb3 Nc5 21. Ka2 Rb5 22. Nc1 Bh6 23. Rdd1 Bxc1 0-1

[Event "Early-Titled-Tuesday-Blitz-March-19-2024"]
[Site "Chess.com"]
[Date "2024.03.19"]
[Round "2"]
[White "Korchmar_Vasiliy"]
[Black "KorolDimitriy75"]
[Result "1-0"]
[WhiteElo "2681"]
[BlackElo "2415"]
[TimeControl "180+1"]
[EndTime "8:15:52 PDT"]
[Termination "Korchmar_Vasiliy won by checkmate"]

1. e4 c5 2. Nf3 d6 3. d4 cxd4 4.
Nxd4 Nf6 5. Nc3 g6 6. Be2 Bg7 7. O-O O-O 8. Re1 Nc6 9. Nb3 a6 10. Bf1 b5 11. Bg5 Bb7 12. Nd5 Nd7 13. c3 f6 14. Be3 e6 15. Nf4 Qe7 16. a4 bxa4 17.
Rxa4 Nde5 18. Nd4 Nd8 19. Qa1 Bxe4 20. Ndxe6 Nxe6 21. Nxe6 Qxe6 22. Rxe4 f5 23. Ra4 Kh8 24. Rxa6 Rxa6 25. Qxa6 f4 26. Bd4 Nf3+ 27. gxf3 Qxe1 28. Qxd6 Bxd4 29. Qxf8# 1-0

[Event "Early-Titled-Tuesday-Blitz-March-19-2024"]
[Site "Chess.com"]
[Date "2024.03.19"]
[Round "2"]
[White "XDPS"]
[Black "esrosenberg"]
[Result "1-0"]
[WhiteElo "2906"]
[BlackElo "2440"]
[TimeControl "180+1"]
[EndTime "8:15:58 PDT"]
[Termination "XDPS won by resignation"]

1. d4 d5 2. Nf3 Bf5 3. Bf4 e6 4.
e3 Bd6 5. Nbd2 Ne7 6. Be2 Ng6 7. Bg3 O-O 8. c4 c6 9. Qb3 Bxg3 10. hxg3 Qb6 11.
c5 Qc7 12. Qc3 b6 13. b4 a5 14. a3 axb4 15. axb4 Rxa1+ 16. Qxa1 Nd7 17. O-O b5 18. Qa6 e5 19. Ra1 Rc8 20. Nb3 h6 21. dxe5 Ndxe5 22. Nfd4 Bd7 23. Qb6 Nc4 24. Qxc7 Rxc7 25.
Ra8+ Kh7 26. Bd3 Ne5 27. Bc2 h5 28. Na5 Kh6 29. f3 Nc4 30. Kf2 Kg5 31. Ra6 Nge5 32.
f4+ Kf6 33. fxe5+ Kxe5 34. Naxc6+ 1-0

[Event "Early-Titled-Tuesday-Blitz-March-19-2024"]
[Site "Chess.com"]
[Date "2024.03.19"]
[Round "2"]
[White "noblerone"]
[Black "GolfBeforeChess"]
[Result "1-0"]
[WhiteElo "2538"]
[BlackElo "2298"]
[TimeControl "180+1"]
[EndTime "8:15:58 PDT"]
[Termination "noblerone won by resignation"]

1. d4 Nf6 2. c4 e6 3. Nc3 c5 4. d5 exd5 5. cxd5 d6 6. Nf3 g6 7. Bg5 Bg7 8. e3 a6 9. a4 Bg4 10. Be2 Bxf3 11. Bxf3 Nbd7 12. O-O O-O 13. a5 Rb8 14. h3 b5 15. axb6 Rxb6 16. Qc2 Qb8 17. Ra2 Qb7 18. Rfa1 Rb8 19. Bf4 Ne8 20. Nd1 Nc7 21.
e4 Nb5 22. Be3 Nd4 23. Bxd4 Bxd4 24. Be2 Bxb2 25. Bxa6 Qa7 26. Nxb2 Ra8 27. Bc4 1-0

[Event "Early-Titled-Tuesday-Blitz-March-19-2024"]
[Site "Chess.com"]
[Date "2024.03.19"]
[Round "2"]
[White "madmax011"]
[Black "Yeritsyaan"]
[Result "0-1"]
[WhiteElo "2309"]
[BlackElo "2640"]
[TimeControl "180+1"]
[EndTime "8:15:59 PDT"]
[Termination "Yeritsyaan won by checkmate"]

1. d4 f5 2. Bf4 Nf6 3. e3 g6 4. h4 Bg7 5. h5 d6 6. h6 Bf8 7. Nc3 e6 8. Bd3 Be7 9. e4 O-O 10. exf5 exf5 11. Nf3 d5 12. Ne5 c6 13. Qf3 Nbd7 14.
O-O-O Nxe5 15. Bxe5 Ne4 16. Ne2 Bf6 17. Bxf6 Qxf6 18.
Nf4 Bd7 19. g3 Rae8 20. Rde1 Qxd4 21. Bxe4 fxe4 22. Qg2 g5 23. Nh5 Rxf2 24. Qg1 Qd2+ 25. Kb1 Qxc2+ 26. Ka1 Qxb2# 0-1

[Event "Early-Titled-Tuesday-Blitz-March-19-2024"]
[Site "Chess.com"]
[Date "2024.03.19"]
[Round "2"]
[White "ArmanGhevondyanchess"]
[Black "atalz0"]
[Result "1-0"]
[WhiteElo "2581"]
[BlackElo "2371"]
[TimeControl "180+1"]
[EndTime "8:16:03 PDT"]
[Termination "ArmanGhevondyanchess won by checkmate"]

1. Nf3 Nf6 2. g3 b5 3. Bg2 Bb7 4. O-O e6 5. d4 Be7 6. Na3 b4 7. Nc4 a5 8. a3 O-O 9. axb4 axb4 10. Rxa8 Bxa8 11. c3 d5 12. Nce5 Nbd7 13. Bf4 c5 14.
Nxd7 Nxd7 15. Ne5 Nxe5 16. Bxe5 Qb6 17. Qd2 Bc6 18. dxc5 Bxc5 19. Bd4 Bxd4 20. cxd4 Ra8 21. Rc1 h6 22. e3 Ra2 23. Bf1 g6 24. Bd3 Kg7 25.
h4 h5 26. Bb1 Ra8 27. Bd3 Ra2 28. Kg2 Bb7 29. Rc5 Bc6 30. Qc1 Bd7 31. Rc7 Ra1 32.
Qc2 Bb5 33. Bxg6 Be8 34. Bh7 Kh6 35. Bg8 Qb5 36. Qh7# 1-0

[Event "Early-Titled-Tuesday-Blitz-March-19-2024"]
[Site "Chess.com"]
[Date "2024.03.19"]
[Round "2"]
[White "whiteglovethief"]
[Black "Pragmatist237"]
[Result "1-0"]
[WhiteElo "2455"]
[BlackElo "1866"]
[TimeControl "180+1"]
[EndTime "8:16:03 PDT"]
[Termination "whiteglovethief won by resignation"]

1. d4 d5 2. c4 c6 3. Nf3 Nf6 4. g3 g6 5. Bg2 Bg7 6. O-O O-O 7. Nc3 Bf5 8. Qb3 Qb6 9. cxd5 Qxb3 10. axb3 Nxd5 11.
Nxd5 cxd5 12. Ne5 Bxe5 13. dxe5 e6 14. Bh6 Rc8 15. Rfc1 Na6 16. b4 Rxc1+ 17. Rxc1 Nxb4 18. f3 d4 19. g4 Bc2 20. Bd2 d3 21. exd3 Nxd3 22.
Rxc2 Rd8 23. Bg5 Nxe5 1-0

[Event "Early-Titled-Tuesday-Blitz-March-19-2024"]
[Site "Chess.com"]
[Date "2024.03.19"]
[Round "2"]
[White "MasterKroket"]
[Black "Navyblue1"]
[Result "1-0"]
[WhiteElo "2506"]
[BlackElo "2211"]
[TimeControl "180+1"]
[EndTime "8:16:10 PDT"]
[Termination "MasterKroket won by resignation"]

1. e4 c5 2. Nf3 d6 3. d4 cxd4 4. Nxd4 Nf6 5. Nc3 a6 6. Be3 e5 7. Nb3 Be6 8. f3 h5 9. Qd2 Be7 10. O-O-O Nbd7 11. Kb1 Rc8 12. Nd5 Nxd5 13. exd5 Bf5 14.
Bd3 Bxd3 15. Qxd3 Qc7 16. Rc1 b5 17. Nd2 Nf6 18. c4 b4 19. Rhg1 Qd7 20. Nb3 Bd8 21. Rgd1 a5 22. c5 dxc5 23. Nxc5 Qd6 24. Ne4 Rxc1+ 25.
Rxc1 Nxe4 26. fxe4 Qd7 27. Bc5 Be7 28. Bxe7 Kxe7 29.
Qg3 g6 30. Qxe5+ 1-0

[Event "Early-Titled-Tuesday-Blitz-March-19-2024"]
[Site "Chess.com"]
[Date "2024.03.19"]
[Round "2"]
[White "Nuvas"]
[Black "DrCeltic"]
[Result "1-0"]
[WhiteElo "2830"]
[BlackElo "2582"]
[TimeControl "180+1"]
[EndTime "8:16:11 PDT"]
[Termination "Nuvas won by resignation"]

1. d4 Nf6 2. c4 c6 3. Nc3 d5 4. cxd5 cxd5 5. Bf4 Nc6 6. e3 e6 7. Bd3 Be7 8. Rc1 O-O 9. h3 Bd7 10. Nf3 Rc8 11. O-O a6 12. Qe2 Qb6 13. a3 Na5 14.
Ne5 Be8 15. Nxd5 Nxd5 16. Rxc8 Nc6 17. Nxc6 bxc6 18. Bg3 a5 19. Rc1 Qb7 20. Rb8 Qa7 21.
Ba6 f5 22. Rb7 Qa8 23. Be5 Bh5 24. Qxh5 Qxa6 25. Rb8 Rxb8 26. Bxb8 Nf6 27. Qd1 Qb6 28. Be5 Qxb2 29. a4 Ne4 30. Qc2 Qa3 31. Qxc6 Kf7 32. d5 Qa2 33. Qxe6+ 1-0

[Event "Early-Titled-Tuesday-Blitz-March-19-2024"]
[Site "Chess.com"]
[Date "2024.03.19"]
[Round "2"]
[White "MITerryble"]
[Black "LikeWater"]
[Result "1-0"]
[WhiteElo "2990"]
[BlackElo "2674"]
[TimeControl "180+1"]
[EndTime "8:16:12 PDT"]
[Termination "MITerryble won by resignation"]

1. d4 Nf6 2. Bg5 d5 3. e3 e6 4. Nd2 c5 5. c3 Nbd7 6. Ngf3 Bd6 7. Bd3 O-O 8. O-O e5 9. e4 cxd4 10. cxd4 h6 11. Bxf6 Qxf6 12. exd5 exd4 13. Ne4 Qe7 14. Re1 Nf6 15. Nxd4 Nxd5 16. Bc4 Nb6 17. Bb3 Bb4 18. Re3 Rd8 19. Qh5 Rxd4 20. Ng5 Qxg5 21. Qxf7+ Kh7 22. Qg8+ Kg6 23. Qf7+ Kh7 24. Bc2+ Bf5 25. Bxf5+ Kh8 26. Re8+ 1-0

[Event "Early-Titled-Tuesday-Blitz-March-19-2024"]
[Site "Chess.com"]
[Date "2024.03.19"]
[Round "2"]
[White "Sam_ChessMood"]
[Black "arenal72"]
[Result "0-1"]
[WhiteElo "2933"]
[BlackElo "2664"]
[TimeControl "180+1"]
[EndTime "8:16:12 PDT"]
[Termination "arenal72 won by resignation"]

1. d4 d6 2. e4 Nf6 3. Nc3 e5 4. Nf3 exd4 5. Nxd4 Be7 6. Bf4 O-O 7. Qd2 d5 8. Ndb5 Bb4 9. O-O-O c6 10. Nc7 Nxe4 11. Qe3 Nxc3 12. bxc3 Ba3+ 13. Kd2 Nd7 14. Nxa8 Bc5 15. Qg3 Nf6 16. Bd3 Nh5 17. Qf3 Nxf4 18. Qxf4 Bd6 19. Qd4 Qg5+ 20. Ke2 Be5 21. Qxa7 Qxg2 22.
Rdg1 Bg4+ 23. Kd2 Bf4+ 0-1

[Event "Early-Titled-Tuesday-Blitz-March-19-2024"]
[Site "Chess.com"]
[Date "2024.03.19"]
[Round "2"]
[White "Jojo_898"]
[Black "enriquebutti"]
[Result "0-1"]
[WhiteElo "2472"]
[BlackElo "2171"]
[TimeControl "180+1"]
[EndTime "8:16:12 PDT"]
[Termination "enriquebutti won by resignation"]

1. e4 e6 2. d4 d5 3. Nd2 Nf6 4. exd5 exd5 5. Bd3 Nc6 6. Ngf3 Bg4 7. h3 Bh5 8. c3 Qd7 9. O-O O-O-O 10. Qc2 Bg6 11. Ne5 Nxe5 12. dxe5 Ne8 13. Nf3 c5 14. Be3 Nc7 15. b4 Bxd3 16. Qxd3 c4 17. Qd2 Qa4 18. Nd4 Ne6 19. Nf5 g6 20. Nd4 Ng7 21. Qe2 Be7 22.
Qg4+ Qd7 23. Qf3 Rdf8 24. a4 f6 25. exf6 Bxf6 26. Qd1 Rhg8 27. Nb5 b6 28. Qg4 Nf5 29.
Bf4 h5 30. Qf3 g5 31. Bh2 g4 32. hxg4 hxg4 33. Qf4 g3 34. fxg3 Bg5 35. Qg4 Be3+ 0-1

[Event "Early-Titled-Tuesday-Blitz-March-19-2024"]
[Site "Chess.com"]
[Date "2024.03.19"]
[Round "2"]
[White "Noki102"]
[Black "IngOscarArdila"]
[Result "0-1"]
[WhiteElo "2598"]
[BlackElo "2410"]
[TimeControl "180+1"]
[EndTime "8:16:14 PDT"]
[Termination "IngOscarArdila won by checkmate"]

1. d4 Nf6 2. Nc3 d5 3. Bf4 c6 4. e3 e6 5. a3 Be7 6. Bd3 O-O 7.
g4 Nbd7 8. g5 Ne4 9. Bxe4 dxe4 10. Nxe4 Qa5+ 11. b4 Qd5 12. f3 f5 13. Nd2 e5 14. c4 Qe6 15. dxe5 c5 16. Qb3 Nxe5 17. Ne2 Rd8 18. Bxe5 Qxe5 19. Rd1 b6 20. f4 Qe6 21.
Kf2 Bb7 22. Rhg1 Rd7 23. Nc3 Rd3 24. Qc2 Qxe3+ 25. Kf1 Qxf4+ 26. Ke2 Re3# 0-1

[Event "Early-Titled-Tuesday-Blitz-March-19-2024"]
[Site "Chess.com"]
[Date "2024.03.19"]
[Round "2"]
[White "Eliwood44"]
[Black "RebecaJimnz"]
[Result "1-0"]
[WhiteElo "2529"]
[BlackElo "2263"]
[TimeControl "180+1"]
[EndTime "8:16:14 PDT"]
[Termination "Eliwood44 won by resignation"]

1. d4 d5 2. c4 c6 3. Nc3 e6 4.
Nf3 Nf6 5. Bg5 Nbd7 6. e3 a6 7. a4 Bd6 8. Qc2 O-O 9. Bd3 h6 10. Bh4 Qe7 11. O-O dxc4 12. Bxc4 e5 13. Rfe1 e4 14. Nd2 Bxh2+ 15. Kxh2 Ng4+ 16. Kg3 Qd6+ 17. f4 exf3+ 18. Kxf3 Nb6 19. Nce4 Qg6 20. Bd3 Ne5+ 21.
dxe5 Qg4+ 22. Kf2 Qxh4+ 23. Kg1 Nd5 24. Nf3 Qh5 25. Nf2 f6 26. Bg6 Nb4 27. Qb3+ 1-0

[Event "Early-Titled-Tuesday-Blitz-March-19-2024"]
[Site "Chess.com"]
[Date "2024.03.19"]
[Round "2"]
[White "Tssunami"]
[Black "JiiHart"]
[Result "1-0"]
[WhiteElo "2494"]
[BlackElo "2197"]
[TimeControl "180+1"]
[EndTime "8:16:19 PDT"]
[Termination "Tssunami won by resignation"]

1. e4 c5 2. Nf3 Nc6 3. Bb5 e6 4. O-O Nge7 5. c3 a6 6. Ba4 b5 7. Bc2 c4 8. d4 cxd3 9. Qxd3 d6 10. a4 b4 11. Nbd2 Ng6 12. Nc4 d5 13. exd5 exd5 14.
Ne3 Be6 15. Nf5 Qd7 16. Re1 Nge7 17. N5d4 Nxd4 18. Nxd4 bxc3 19. bxc3 Nc6 20. Nf5 Be7 21. Nxg7+ Kd8 22. Nxe6+ fxe6 23. Qh3 Rf8 24. Rxe6 Bc5 25. Be3 Bxe3 26. Qxe3 Kc7 27. Re1 Rae8 28. Rxe8 1-0

[Event "Early-Titled-Tuesday-Blitz-March-19-2024"]
[Site "Chess.com"]
[Date "2024.03.19"]
[Round "2"]
[White "ActorXu"]
[Black "secrethawk1"]
[Result "1-0"]
[WhiteElo "2847"]
[BlackElo "2437"]
[TimeControl "180+1"]
[EndTime "8:16:21 PDT"]
[Termination "ActorXu won on time"]

1. e4 c6 2. d4 d5 3. e5 Bf5 4.
h4 h5 5. Bd3 Bxd3 6. Qxd3 e6 7.
Nf3 c5 8. O-O Nc6 9. Bg5 Qb6 10.
Nbd2 cxd4 11. Nb3 Be7 12. Nbxd4 Bxg5 13. hxg5 Nge7 14. g6 Nxg6 15. Nxe6 Ncxe5 16. Nxg7+ Kf8 17. Nxe5 Nxe5 18. Qxd5 Qf6 19. Rae1 Nf3+ 20. Qxf3 Qxf3 21. gxf3 Kxg7 22. Re7 Rab8 23. Rd1 Rhd8 24. Rxd8 Rxd8 25. Rxb7 a5 26. Rb5 a4 27. Rxh5 Rd1+ 28. Kg2 Ra1 29. a3 Rb1 30. Rb5 Rc1 31. c3 Kg6 32. Rb4 f5 33. Rxa4 Kg5 34. Rb4 f4 35. a4 1-0

[Event "Early-Titled-Tuesday-Blitz-March-19-2024"]
[Site "Chess.com"]
[Date "2024.03.19"]
[Round "2"]
[White "bubeliang"]
[Black "Rutvij09"]
[Result "0-1"]
[WhiteElo "2789"]
[BlackElo "2520"]
[TimeControl "180+1"]
[EndTime "8:16:22 PDT"]
[Termination "Rutvij09 won by checkmate"]

1. d4 d5 2. Nc3 Nf6 3. Bf4 a6 4. e3 Bg4 5. Nf3 c5 6. Be2 Nc6 7. O-O e6 8. dxc5 Bxc5 9. Ne5 Bxe2 10. Qxe2 O-O 11. Rad1 Qa5 12. a3 Be7 13. h3 Rac8 14. Nb1 Ne4 15. Nd2 Nxe5 16. Bxe5 Rxc2 17. Qg4 Nf6 18. Qg3 g6 19. Nb3 Qa4 20. Nd4 Ne4 21. Qg4 h5 22. Qf4 Bg5 23. Qh2 Rxf2 24. Rxf2 Qxd1+ 25. Rf1 Bxe3+ 26. Kh1 Qxf1+ 27. Qg1 Qxg1# 0-1

[Event "Early-Titled-Tuesday-Blitz-March-19-2024"]
[Site "Chess.com"]
[Date "2024.03.19"]
[Round "2"]
[White "diamonds13"]
[Black "Witik"]
[Result "0-1"]
[WhiteElo "2335"]
[BlackElo "2767"]
[TimeControl "180+1"]
[EndTime "8:16:22 PDT"]
[Termination "Witik won by resignation"]

1. d4 Nf6 2. c4 e6 3. Nc3 Bb4 4. e3 O-O 5. Nf3 d5 6. Bd2 b6 7. a3 Bd6 8. b4 c6 9. c5 Bc7 10. Bd3 Nbd7 11. O-O bxc5 12. bxc5 e5 13. dxe5 Nxe5 14. Nxe5 Bxe5 15. f4 Bc7 16. Ne2 Bg4 17.
h3 Bxe2 18. Qxe2 Re8 19. Qf3 Ne4 20. Be1 Nxc5 21. Bf5 Bb6 22. Rc1 Rxe3 23. Qxe3 Ne4 24.
Qxb6 Qxb6+ 25. Bf2 Nxf2 26. Rxf2 Re8 27. Bd3 c5 28. Rb1 Qc7 29. Rfb2 c4 30. Bf1 g6 31. g3 d4 32. Rb4 d3 33. Rd1 Qc5+ 34. Kh1 Re3 35. Rb8+ Kg7 36. Rb7 Rxg3 37. Bg2 Qf2 38. Rg1 d2 39. Rd7 c3 0-1

[Event "Early-Titled-Tuesday-Blitz-March-19-2024"]
[Site "Chess.com"]
[Date "2024.03.19"]
[Round "2"]
[White "cristiano78"]
[Black "CatLoverPL"]
[Result "0-1"]
[WhiteElo "2234"]
[BlackElo "2513"]
[TimeControl "180+1"]
[EndTime "8:16:24 PDT"]
[Termination "CatLoverPL won by resignation"]

1. d4 g6 2. c4 Bg7 3. Nf3 c5 4. d5 d6 5. Nc3 Nf6 6. e4 O-O 7. Bd3 e6 8. O-O exd5 9. cxd5 Na6 10. a3 Nc7 11. h3 Rb8 12. a4 a6 13.
Bf4 b5 14. axb5 axb5 15. Rc1 b4 16. Na4 Re8 17. Re1 Ba6 18. b3 Bxd3 19. Qxd3 Nb5 20.
Nxc5 dxc5 21. Rxc5 Nc3 22. Bxb8 Qxb8 23. e5 Nd7 24. Rxc3 bxc3 25. Qxc3 Qb5 26. Qc4 Qxc4 27. bxc4 Nxe5 28. Nxe5 Bxe5 29. Kf1 Re7 30. c5 Kf8 31. d6 Re6 32. g3 Ke8 33. f4 Bd4 34.
Rxe6+ fxe6 35. c6 Bc5 36. d7+ Kd8 37. Ke2 Be7 38. Kd3 Kc7 39. Ke4 Bf6 40. g4 Kxc6 41.
f5 exf5+ 42. gxf5 g5 43. d8=Q Bxd8 44. h4 h6 45. Ke5 Kd7 46. f6 g4 47. Kf4 h5 48. Kg5 g3 49. Kxh5 g2 50. f7 Be7 0-1